 Dungeon Crawl Stone Soup version 0.24-a0-445-gd5110b030a (webtiles) character file.

Game seed: 1523993419263265306

68696 Krouwed the Fighter (level 14, -3/124 HPs)
             Began as a Red Draconian Summoner on June 22, 2019.
             Was an Elder of Sif Muna.
             Slain by a jumping spider (17 damage)
             ... on level 1 of the Spider Nest.
             The game lasted 02:45:19 (25772 turns).

Krouwed the Fighter (Red Draconian Summoner)       Turns: 25772, Time: 02:45:21

Health: -3/124     AC: 11    Str: 12      XL:     14   Next: 87%
Magic:  20/27      EV: 17    Int: 18      God:    Sif Muna [****..]
Gold:   2558       SH: 19    Dex: 14 (16) Spells: 5/32 levels left

rFire    + . .     SeeInvis .   e - +8 trident of the Doomed Warrior {pierce, +Rage MR+ Dex+3}
rCold    . . .     Gourm    .   j - +3 shield
rNeg     . . .     Faith    .   (armour unavailable)
rPois    .         Spirit   .   (helmet restricted)
rElec    .         Reflect  +   (no cloak)
rCorr    .         Harm     .   (no gloves)
MR       +++..                  (no boots)
Stlth    ++........             o - amulet "Kighyi" {Reflect MR+ SH+5}
HPRegen  0.30/turn              k - +3 ring of protection
MPRegen  0.20/turn              u - +1 ring of slaying

@: lethally poisoned (-3 -> -69), about to teleport, divine energy
A: breathe fire, unfitting armour, fire resistance 1, cold-blooded, AC +8
a: Breathe Fire, Stop Divine Energy, Channel Magic, Forget Spell, Renounce
Religion, Evoke Berserk Rage


You were on level 1 of the Spider Nest.
You worshipped Sif Muna.
Sif Muna was greatly pleased with you.
You were not hungry.

You visited 5 branches of the dungeon, and saw 22 of its levels.
You also visited: Ice Cave.

You collected 2681 gold pieces.
You spent 123 gold pieces at shops.

Inventory:

Hand Weapons
 e - the +8 trident of the Doomed Warrior (weapon) {pierce, +Rage MR+ Dex+3}
   (You found it on level 1 of the Lair of Beasts)

   It inflicts extra damage upon your enemies.
   It affects your dexterity (+3).
   It affects your resistance to hostile enchantments.
   It lets you go berserk.
Missiles
 h - 88 poisoned darts (quivered)
 B - 120 sling bullets
 O - 9 curare-tipped darts
Armour
 j - a +3 shield (worn)
 l - a +2 cloak of poison resistance
 H - a scarf of repulsion
Jewellery
 i - an uncursed amulet of regeneration
 k - a +3 ring of protection (left hand)
 o - the amulet "Kighyi" (around neck) {Reflect MR+ SH+5}
   (You found it on level 9 of the Dungeon)

   [amulet of reflection]

   It shields you and reflects attacks.
   It affects your resistance to hostile enchantments.
   It affects your SH (+5).
 u - a +1 ring of slaying (right hand)
 z - an uncursed ring of resist corrosion
 T - an uncursed ring of ice
Wands
 a - a wand of polymorph (24)
 E - a wand of iceblast (11)
 G - a wand of flame (17)
 I - a wand of disintegration (5)
 P - a wand of random effects (34)
Scrolls
 c - a scroll of summoning {unknown}
 g - 14 scrolls of remove curse
 n - 3 scrolls of immolation
 p - a scroll of blinking
 q - 2 scrolls of teleportation
 x - a scroll of brand weapon {unknown}
 y - 3 scrolls of enchant weapon
 C - a scroll of torment {unknown}
 D - a scroll of amnesia {unknown}
 J - 2 scrolls of vulnerability {unknown}
 K - a scroll of silence {unknown}
 L - a scroll of fear {unknown}
 N - 2 scrolls of magic mapping
 R - a scroll of acquirement {unknown}
Potions
 d - 4 potions of flight
 f - a potion of agility
 m - 2 potions of degeneration
 r - a potion of might
 s - 2 potions of resistance
 t - 2 potions of curing
 v - a potion of berserk rage
 w - 4 potions of mutation
 A - 6 potions of lignification
 F - 2 potions of brilliance
 M - a potion of ambrosia {unknown}
Comestibles
 b - 23 rations


   Skills:
 + Level 11.4 Fighting
 + Level 10.4 Polearms
 - Level 10.0 Dodging
 - Level 1.7 Stealth
 + Level 10.5 Shields
 + Level 9.9 Spellcasting
 - Level 4.0 Hexes
 + Level 11.3 Summonings
 - Level 2.0 Ice Magic
 - Level 6.0 Air Magic


You had 5 spell levels left.
You knew the following spells:

 Your Spells              Type           Power        Failure   Level  Hunger
a - Aura of Abjuration    Summ           #####.....   3%          5    #####..
b - Shadow Creatures      Summ           N/A          21%         6    ######.
c - Summon Lightning Spi  Summ/Air       #####...     3%          4    ###....
d - Summon Ice Beast      Ice/Summ       ####....     9%          4    ###....
e - Confuse               Hex            ###.....     8%          3    None
f - Summon Mana Viper     Hex/Summ       #####...     16%         5    #####..

Your spell library contained the following spells:

 Spells                   Type           Power        Failure   Level  Hunger
 Summon Small Mammal      Summ           ####         1%          1    None
 Call Imp                 Summ           #####...     1%          2    None
 Call Canine Familiar     Summ           #####...     1%          3    None
 Summon Guardian Golem    Hex/Summ       #####...     1%          3    None
 Confusing Touch          Hex            ###...       2%          1    None
 Corona                   Hex            ###....      2%          1    None
 Summon Demon             Summ           #####.....   3%          5    #####..
 Slow                     Hex            ###.....     4%          2    None
 Recall                   Summ/Tloc      N/A          4%          3    None
 Swiftness                Chrm/Air       ###.....     6%          2    None
 Beastly Appendage        Tmut           #.....       14%         1    None
 Inner Flame              Hex/Fire       ###.....     19%         3    None
 Portal Projectile        Hex/Tloc       ###...       19%         3    None
 Blink                    Tloc           N/A          22%         2    None
 Passwall                 Tmut/Erth      #.......     22%         2    None
 Shroud of Golubria       Chrm/Tloc      #.....       22%         2    None
 Sticks to Snakes         Tmut           #.......     22%         2    None
 Sublimation of Blood     Necr           #.........   22%         2    None
 Cause Fear               Hex            ###.......   26%         4    ###....
 Summon Forest            Summ/Tloc      ####......   36%         5    #####..
 Gell's Gravitas          Tloc           #.........   38%         3    None
 Ignite Poison            Fire/Tmut/Pois #.......     38%         3    None
 Lesser Beckoning         Tloc           #.........   38%         3    None
 Spider Form              Tmut/Pois      #.........   38%         3    None
 Teleport Other           Tloc           #.......     38%         3    None
 Leda's Liquefaction      Hex/Erth       ###.......   52%         4    ###....
 Ice Form                 Ice/Tmut       ##......     65%         4    ###....
 Metabolic Englaciation   Hex/Ice        ###.......   73%         5    #####..
 Animate Dead             Necr           N/A          80%         4    ###....
 Passage of Golubria      Tloc           N/A          80%         4    ###....
 Petrify                  Tmut/Erth      #.......     80%         4    ###....
 Yara's Violent Unravell  Hex/Tmut       ###.......   86%         5    #####..
 Alistair's Intoxication  Tmut/Pois      #.......     98%         5    #####..
 Blade Hands              Tmut           #.........   98%         5    #####..
 Borgnjor's Vile Clutch   Necr/Erth      #.........   98%         5    #####..
 Irradiate                Conj/Tmut      #.........   98%         5    #####..
 Lee's Rapid Deconstruct  Erth           #.........   98%         5    #####..
 Darkness                 Hex            ###.......   99%         6    ######.
 Invisibility             Hex            ###.....     99%         6    ######.
 Death Channel            Necr           #.........   100%        6    ######.
 Simulacrum               Ice/Necr       ##........   100%        6    ######.


Dungeon Overview and Level Annotations

Branches:
Dungeon (11/15)            Temple (1/1) D:6            Lair (6/6) D:9
 Shoals (0/4) Lair:4       Spider (2/4) Lair:4        Slime (0/5) Lair:5
    Orc (2/2) D:9             Elf (0/3) Orc:2

Altars:
Ashenzari
Elyvilon
Fedhas
Hepliaklqana
Kikubaaqudgha
Okawaru
Qazlal
Ru
Sif Muna
Trog
Vehumet
Wu Jian
Xom
Yredelemnul
Zin
Jiyva

Shops:
D:4 :=:   D:5 ?   Orc:2 !*[*}

Annotations:
Lair:1 1 exclusion


Innate Abilities, Weirdness & Mutations

You can breathe blasts of fire.
Your fiery red scales are hard. (AC +8)
You cannot fit into any form of body armour.
Your flesh is heat resistant. (rF+)
You are cold-blooded and may be slowed by cold attacks.


Message History

* * * LOW HITPOINT WARNING * * *
You are lethally poisoned!
The redback poisons you!
Casting: Summon Lightning Spire (safe; 3% risk of failure)
Confirm with . or Enter, or press ? or * to list all spells.
Aiming: Summon Lightning Spire (safe; 3% risk of failure)
Press: ? - help, Dir - move target cursor An electric hum fills the air.
* * * LOW HITPOINT WARNING * * *
You feel very sick. The redback barely misses you.
The jumping spider misses you. You block the jumping spider's attack.
You block the tarantella's attack.
The jumping spider pounces on you but does no damage.
You block the jumping spider's attack. The redback misses you.
The redback bites you.
* * * LOW HITPOINT WARNING * * *
The tarantella bites you!
* * * LOW HITPOINT WARNING * * *
The jumping spider pounces on you!
You die...

.......#..###.....#.## ##......
...##..##.........#..# ###.......
.#.##..##..........#.###...#.....
.##.#...........##..##..#...#....
.##.#...........##.###.####.##...
.##...#........##.## #.# ##.##..
.#..###.......###.# #.# ##.##.
....##.......###s## #.# #..#.
.....#......†##s@s# #.# ###....
.....#.....##..8ss# #######......
...#.#...#..##...## #.###........
..##..#.###^###..# ##..........##
..###.### #..##..###.#######.....
..#....####..........# ####..
.(.........###..##..## ##.
..........####.#####.# #.
...........##.## #.## ###


You could see 2 jumping spiders, a tarantella, 2 redbacks and a friendly
lightning spire.

Vanquished Creatures
  Rupert (Spider:1)
  2 ghost moths (Spider:1)
  An ettin (Orc:2)
  2 ice dragons (IceCv)
  2 hydras
  12 two-headed ogres (Orc:2)
  3 death yaks
  An ogre mage (Orc:2)
  An orb spider (Spider:1)
  4 wolf spiders (Spider:1)
  2 oklob plants (Lair:1)
  A cyclops (D:8)
  An orc sorcerer (Orc:1)
  2 ice statues (IceCv)
  14 elephants
  5 black mambas
  10 spiny frogs
  2 rime drakes
  6 komodo dragons
  5 demonic crawlers (Spider:1)
  2 trolls (D:10)
  5 jumping spiders (Spider:1)
  3 polar bears (Lair:6)
  16 blink frogs
  4 hippogriffs
  Sigmund (D:3)
  A wyvern (D:10)
  A vampire (D:9)
  4 redbacks (Spider:1)
  2 humans
  2 hogs (D:9)
  10 tarantellas (Spider:1)
  16 yaks
  A basilisk (Lair:6)
  A warg (Orc:2)
  A two-headed ogre zombie (D:9)
  5 water moccasins
  A floating eye (Lair:1)
  5 porcupines
  11 orc warriors
  A sky beast (D:8)
  13 ice beasts
  A black bear (D:10)
  A necrophage (D:9)
  24 wolves
  19 ogres
  5 centaurs
  8 crocodiles
  2 big kobolds (D:9)
  4 bullfrogs
  3 scorpions
  A troll zombie (D:9)
  3 killer bees (D:8)
  3 howler monkeys (D:9)
  4 crimson imps
  2 jellies (D:10)
  6 orc priests
  2 bullfrog skeletons (D:5)
  6 hounds
  An iguana (D:8)
  Terence (D:3)
  11 orc wizards
  12 worker ants
  6 ogre zombies (D:9)
  3 hound zombies
  A worker ant zombie (D:5)
  7 adders
  A shadow imp (D:5)
  An ooze (D:5)
  2 adder zombies
  2 adder skeletons (D:7)
  3 worms
  A dart slug (D:1)
  4 leopard geckos
  26 orcs
  6 giant cockroaches
  4 goblins
  3 hobgoblins (D:1)
  2 jackals (D:3)
  10 kobolds
  3 quokkas
  3 ball pythons
  10 bats
  4 frilled lizards
  3 goblin skeletons (D:9)
  2 goblin zombies (D:9)
  2 hobgoblin skeletons (D:9)
  A hobgoblin zombie (D:9)
  11 orc zombies (D:9)
  A quokka skeleton (D:5)
  12 rats
  A spectral orc (D:5)
  A bush (Lair:1)
  4 plants
442 creatures vanquished.

Vanquished Creatures (collateral kills)
  An orc warlord (Orc:1)
  An emperor scorpion (Spider:1)
  3 ogre magi (Orc:2)
  A catoblepas (Lair:6)
  2 hydras
  A deep troll shaman (Lair:6)
  5 death yaks
  3 two-headed ogres (Orc:2)
  Urug (Orc:2)
  Nergalle (Lair:4)
  4 orb spiders (Spider:1)
  An orc sorcerer (Orc:1)
  4 wolf spiders (Spider:1)
  7 elephants
  A black mamba (Lair:4)
  5 spiny frogs
  A komodo dragon (Lair:4)
  A rime drake (IceCv)
  3 trolls
  2 polar bears
  4 jumping spiders (Spider:1)
  3 blink frogs
  2 hippogriffs
  8 yaks
  7 redbacks (Spider:1)
  2 wyverns
  2 hogs (D:9)
  A hungry ghost (D:10)
  A warg (Orc:2)
  5 water moccasins
  4 ice beasts (IceCv)
  A sky beast (D:9)
  5 phantoms
  A necrophage (D:10)
  7 orc warriors
  10 ogres
  13 wolves
  2 crocodiles (Lair:6)
  2 centaurs (Lair:4)
  A bullfrog (D:7)
  A scorpion (Lair:4)
  3 crimson imps
  4 orc priests
  A hound (Lair:1)
  8 orc wizards
  7 worker ants
  4 adders
  An adder zombie (D:2)
  2 dart slugs (D:2)
  A leopard gecko (D:1)
  42 orcs
  A giant cockroach (Lair:4)
  3 jackals (D:10)
  4 kobolds
  A quokka (D:2)
  2 bats (D:1)
  A goblin zombie (D:9)
  A hobgoblin zombie (D:9)
  An orc skeleton (D:9)
  2 orc zombies (D:9)
  A rat (D:3)
  A fungus (Lair:3)
  A plant (Lair:4)
222 creatures vanquished.

Vanquished Creatures (others)
  20 fungi
  11 plants
31 creatures vanquished.

Grand Total: 695 creatures vanquished

Notes
Turn   | Place    | Note
-------+----------+-------------------------------------------
     0 | D:1      | Krouwed the Draconian Summoner began the quest for the Orb.
     0 | D:1      | Reached XP level 1. HP: 14/14 MP: 3/3
   226 | D:1      | Reached XP level 2. HP: 14/22 MP: 3/5
   394 | D:1      | Reached skill level 1 in Fighting
   672 | D:1      | Reached XP level 3. HP: 28/28 MP: 6/6
   677 | D:1      | Learned a level 3 spell: Call Canine Familiar
  1356 | D:2      | Reached XP level 4. HP: 31/35 MP: 0/7
  1590 | D:3      | Noticed a spatial vortex
  1619 | D:3      | Noticed Sigmund
  2110 | D:3      | Found a shimmering altar of Xom.
  2110 | D:3      | Found a shimmering altar of Xom.
  2110 | D:3      | Found a shimmering altar of Xom.
  2111 | D:3      | Found a shimmering altar of Xom.
  2119 | D:3      | Found a shimmering altar of Xom.
  2161 | D:3      | Noticed Terence
  2307 | D:3      | Killed Sigmund
  2307 | D:3      | Reached skill level 1 in Polearms
  2307 | D:3      | Reached skill level 1 in Shields
  2307 | D:3      | Reached XP level 5. HP: 23/42 MP: 9/9
  2428 | D:3      | Reached XP level 6. HP: 50/50 MP: 8/10
  2497 | D:3      | Killed Terence
  2497 | D:3      | Reached skill level 5 in Summonings
  2727 | D:4      | Learned a level 4 spell: Summon Lightning Spire
  2770 | D:4      | Found Biastour's Jewellery Shop.
  2805 | D:4      | Found Hurrei Uczy's Book Emporium.
  3016 | D:4      | Found Halel's Book Boutique.
  3192 | D:5      | Entered Level 5 of the Dungeon
  3257 | D:5      | Noticed an ice beast
  3270 | D:5      | Noticed a human
  3270 | D:5      | an ice beast changed into a human
  3294 | D:5      | Killed a human
  3294 | D:5      | Reached skill level 1 in Air Magic
  3294 | D:5      | Your scales start taking on a fiery red colour.
  3294 | D:5      | Reached XP level 7. HP: 16/57 MP: 5/12
  3294 | D:5      | Gained mutation: Your flesh is heat resistant. (rF+) [Red
                  | Draconian growth]
  3374 | D:5      | Found Qaap's Magic Scroll Shoppe.
  3385 | D:5      | Bought a scroll of identify for 28 gold pieces
  3385 | D:5      | Bought a scroll of identify for 28 gold pieces
  3385 | D:5      | Bought a scroll of identify for 28 gold pieces
  3744 | D:5      | Found a basalt altar of Yredelemnul.
  4070 | D:5      | Reached XP level 8. HP: 59/66 MP: 13/13
  4490 | D:6      | Found a staircase to the Ecumenical Temple.
  5635 | Temple   | Entered the Ecumenical Temple
  5688 | Temple   | Became a worshipper of Sif Muna the Loreminder
  6016 | D:6      | Found a radiant altar of Vehumet.
  6188 | D:6      | Found a bloodstained altar of Trog.
  6452 | D:8      | Noticed a hippogriff
  6464 | D:8      | Killed a hippogriff
  6464 | D:8      | Reached XP level 9. HP: 53/73 MP: 11/15
  6695 | D:8      | Reached skill level 5 in Fighting
  6776 | D:8      | Noticed a cyclops
  6802 | D:8      | Killed a cyclops
  6802 | D:8      | Reached skill level 5 in Spellcasting
  7130 | D:8      | Found an ornate altar of the Wu Jian Council.
  7130 | D:8      | Found an ancient bone altar of Kikubaaqudgha.
  7247 | D:8      | Reached skill level 5 in Dodging
  7392 | D:9      | Reached * piety under Sif Muna
  7550 | D:9      | Reached skill level 5 in Shields
  7605 | D:9      | Reached skill level 5 in Polearms
  7632 | D:9      | Found a sacrificial altar of Ru.
  7695 | D:9      | Found a staircase to the Orcish Mines.
  7775 | D:9      | Found a staircase to the Lair.
  7945 | D:9      | Reached XP level 10. HP: 76/83 MP: 15/18
  8159 | D:9      | Found a white marble altar of Elyvilon.
  8265 | D:9      | Got an ancient garnet amulet
  8695 | D:9      | Reached ** piety under Sif Muna
  8875 | D:10     | Entered Level 10 of the Dungeon
  8913 | D:10     | Reached skill level 5 in Air Magic
 10268 | D:10     | Reached *** piety under Sif Muna
 10449 | Lair:1   | Entered Level 1 of the Lair of Beasts
 10455 | Lair:1   | Learned a level 4 spell: Summon Ice Beast
 10469 | Lair:1   | Noticed a spiny frog
 10475 | Lair:1   | Killed a spiny frog
 10556 | Lair:1   | Noticed a spiny frog
 10565 | Lair:1   | Killed a spiny frog
 10695 | Lair:1   | Learned a level 3 spell: Confuse
 10700 | Lair:1   | Noticed an oklob plant
 10705 | Lair:1   | Noticed an oklob plant
 10721 | Lair:1   | Killed an oklob plant
 10721 | Lair:1   | Reached XP level 11. HP: 23/92 MP: 18/20
 10884 | Lair:1   | Killed an oklob plant
 10884 | Lair:1   | Reached skill level 1 in Ice Magic
 11076 | Lair:1   | Identified the amulet "Kighyi" {Reflect MR+ SH+5} (You
                  | found it on level 9 of the Dungeon)
 11373 | Lair:1   | Got a pitted trident
 11374 | Lair:1   | Identified the +8 trident of the Doomed Warrior {pierce,
                  | +Rage MR+ Dex+3} (You found it on level 1 of the Lair of
                  | Beasts)
 12282 | Lair:2   | Reached skill level 1 in Hexes
 12288 | Lair:2   | Reached **** piety under Sif Muna
 13112 | Lair:2   | Noticed an eight-headed hydra
 13766 | Lair:2   | Noticed a death yak
 13779 | Lair:2   | Noticed a death yak
 13779 | Lair:2   | Noticed a death yak
 13781 | Lair:2   | Noticed a death yak
 13783 | Lair:2   | Killed a death yak
 13789 | Lair:2   | Killed a death yak
 13789 | Lair:2   | Reached XP level 12. HP: 54/102 MP: 15/22
 13796 | Lair:2   | Killed a death yak
 13823 | Lair:2   | Killed a death yak
 14142 | Lair:2   | Killed an eight-headed hydra
 14734 | Lair:3   | Found the +7 sceptre of Torment {pain, torment}
 15507 | Lair:4   | Noticed Nergalle
 15520 | Lair:4   | Killed Nergalle
 15586 | Lair:4   | Found a hole to the Spider Nest.
 15672 | Lair:4   | Found a staircase to the Shoals.
 16558 | Lair:5   | Found a staircase to the Slime Pits.
 16558 | Lair:5   | Found a viscous altar of Jiyva.
 16614 | Lair:5   | Reached ***** piety under Sif Muna
 16630 | Lair:5   | Received a gift from Sif Muna
 16716 | Lair:5   | Noticed a seven-headed hydra
 16727 | Lair:5   | Killed a seven-headed hydra
 16826 | Lair:5   | Found a frozen archway.
 16832 | IceCv    | Entered an ice cave
 17705 | IceCv    | Noticed an ice dragon
 17706 | IceCv    | Noticed an ice dragon
 17714 | IceCv    | Killed an ice dragon
 17714 | IceCv    | Reached XP level 13. HP: 97/111 MP: 25/25
 18295 | Lair:6   | Entered Level 6 of the Lair of Beasts
 19123 | Lair:6   | Reached skill level 10 in Summonings
 19517 | Lair:6   | Reached skill level 10 in Fighting
 20853 | Orc:1    | Entered Level 1 of the Orcish Mines
 20885 | Orc:1    | Received a gift from Sif Muna
 20904 | Orc:1    | Learned a level 5 spell: Summon Mana Viper
 20905 | Orc:1    | Noticed an orc warlord
 20924 | Orc:1    | Killed an orc warlord
 21061 | Orc:1    | You fall into a shaft and drop 1 floor!
 21061 | Orc:2    | Entered Level 2 of the Orcish Mines
 21061 | Orc:2    | Found Ahisikahul's Distillery.
 21068 | Orc:2    | Bought a potion of curing for 39 gold pieces
 21081 | Orc:2    | Found a staircase to the Elven Halls.
 21119 | Orc:2    | Learned a level 5 spell: Aura of Abjuration
 21126 | Orc:2    | Learned a level 6 spell: Shadow Creatures
 21164 | Orc:2    | Noticed an ettin
 21180 | Orc:2    | Killed an ettin
 21428 | Orc:2    | Reached XP level 14. HP: 94/122 MP: 7/27
 21519 | Orc:2    | Noticed Urug
 21526 | Orc:2    | Killed Urug
 21567 | Orc:2    | Reached skill level 10 in Shields
 21897 | Orc:2    | Found Tetykk's Armour Shop.
 21897 | Orc:2    | Found Tomelusch's Gadget Shoppe.
 21897 | Orc:2    | Found Geisser's Assorted Antiques.
 21897 | Orc:2    | Found Imigrani's Assorted Antiques.
 22378 | Spider:1 | Entered Level 1 of the Spider Nest
 22544 | Spider:1 | Reached skill level 10 in Polearms
 23350 | Spider:1 | Killed a ghost moth
 23905 | Spider:1 | Noticed Rupert
 23929 | Spider:1 | Killed Rupert
 24135 | Spider:1 | Noticed an emperor scorpion
 24180 | Spider:1 | Killed an emperor scorpion
 24788 | Spider:1 | Killed a ghost moth
 24788 | Spider:1 | Reached skill level 10 in Dodging
 25772 | Spider:1 | Slain by a jumping spider

Levels and vault maps discovered:
D:1:      dpeg_arrival_tiny_d, layout_loops_ring, minmay_parallelograms,
          minmay_nonomino_d4
D:2:      layout_loops_cross, first_ration, minmay_misc_feat_alley
D:3:      layout_rooms, xom_redecorated, uniq_sigmund, uniq_terence
D:4:      layout_rooms, serial_shops, shop, nicolae_shop_stone,
          nicolae_shop_stone, kennysheep_generic_room_15
D:5:      layout_loops_corners, yredelemnul_forgotten_temple_becter,
          serial_shops, shop
D:6:      layout_basic, vehumet_crystals, kennysheep_little_box,
          minmay_temple_entry_from_below_a
D:7:      layout_basic
D:8:      layout_loops_ring, gammafunk_temple_overflow_elements
D:9:      layout_stronghold, lemuel_crystal_altar, lair_entry_dummy,
          zombieorc2_lemuel, grunt_livestock, nicolae_ru_awakened_eye
D:10:     layout_roguey
D:11:     layout_cave_pods, lemuel_nasty_fountain, uniq_harold
Temple:   nicolae_temple_elliptical
Lair:1:   beast_lair_carwin_large_1, layout_cave_pods, disabler_island
Lair:2:   layout_loops_ring
Lair:3:   layout_regular_city, serial_rivers, chequers_serial_rivers_marsh,
          chequers_serial_rivers_room_b, chequers_serial_rivers_micro_b,
          chequers_serial_rivers_micro_b, chequers_serial_rivers_micro_b,
          chequers_serial_rivers_small_3
Lair:4:   layout_cave_pods, minmay_shoals_entry_centaurs,
          nicolae_spider_entry_non_spiders, lemuel_fruit_tree,
          serial_bayou_shore_b, uniq_nergalle
Lair:5:   layout_regular_city, slime_altar_1, portal_ice_cave_entry_pillars_1
Lair:6:   grunt_lair_end_beastmaster, layout_layer_cave,
          chequers_serial_rivers_room_b
Spider:1: layout_chambers, drop_trap, uniq_rupert
Spider:2: gammafunk_the_bubble [the_bubble_gammafunk_plus_minus],
          gammafunk_ghost_berserking_beasts
Orc:1:    layout_caves
Orc:2:    st_orc_ogre_mass, layout_caves, serial_shops,
          nicolae_shop_temple_entry_statues_fountains, nicolae_orc_lava_room,
          uniq_urug

Skill      XL: |  1  2  3  4  5  6  7  8  9 10 11 12 13 14 |
---------------+-------------------------------------------+-----
Dodging        | 2 3 4 5 6 7 8 9 10 | 10.0
Fighting       | 1 2 3 4 5 7 8 9 10 11 | 11.4
Polearms       | 1 2 4 5 6 7 8 9 10 | 10.4
Shields        | 1 2 3 4 5 6 7 8 9 10 | 10.5
Spellcasting   | 3 4 5 6 7 8 9 |  9.9
Summonings     | 5 6 7 8 9 10 11 | 11.3
Air Magic      | 1 2 3 4 5 6 |  6.0
Ice Magic      | 2 |  2.0
Hexes          | 2 4 |  4.0
Stealth        | |  1.7

Action                   |  1- 3 |  4- 6 |  7- 9 | 10-12 | 13-15 || total
-------------------------+-------+-------+-------+-------+-------++-------
Melee: Hand axe          |    93 |    19 |     3 |       |       ||   115
       Unarmed           |     6 |       |       |       |       ||     6
       Tailslap          |     4 |    16 |    48 |    98 |    92 ||   258
       Spear             |       |   212 |     8 |       |       ||   220
       Trident           |       |       |   570 |   705 |   719 ||  1994
       Glaive            |       |       |       |    93 |       ||    93
Throw: Dart              |     4 |     9 |    23 |    37 |    23 ||    96
 Cast: Summon Small Mamm |     5 |     7 |       |       |       ||    12
       Call Canine Famil |     3 |     5 |    42 |    50 |     3 ||   103
       Summon Lightning  |       |       |     6 |    40 |    33 ||    79
       Summon Ice Beast  |       |       |       |    40 |    51 ||    91
       Summon Mana Viper |       |       |       |       |    28 ||    28
       Confuse           |       |       |       |       |     5 ||     5
       Shadow Creatures  |       |       |       |       |     9 ||     9
Invok: Forget Spell      |       |       |       |       |     2 ||     2
       Divine Energy     |       |       |       |       |     6 ||     6
       Stop Divine Energ |       |       |       |       |     5 ||     5
       Channel Magic     |       |       |       |       |     1 ||     1
 Abil: Breathe Fire      |       |       |     7 |    12 |     5 ||    24
       Evoke Berserk Rag |       |       |       |     1 |     1 ||     2
Evoke: Wand              |       |     1 |     3 |     6 |     6 ||    16
  Use: Scroll            |       |     6 |     6 |    17 |    10 ||    39
       Potion            |       |       |     6 |    10 |     7 ||    23
 Stab: Sleeping          |     8 |     5 |     3 |     4 |     1 ||    21
       Distracted        |       |     3 |     3 |    10 |    13 ||    29
       Confused          |       |       |       |       |     6 ||     6
       Petrified         |       |       |       |       |     2 ||     2
  Eat: Chunk             |     2 |     7 |    15 |    29 |    31 ||    84
       Ration            |       |       |     2 |     7 |     6 ||    15
Armor: Skin              |    47 |    58 |   124 |   149 |   112 ||   490
Dodge: Dodged            |   105 |    90 |   329 |   432 |   304 ||  1260
       Deflected         |       |       |     2 |     8 |     1 ||    11
Block: Shield            |    13 |    38 |       |   281 |   631 ||   963
       Other             |       |       |       |     4 |       ||     4
       Reflection        |       |       |       |     2 |     8 ||    10

Table legend:
 A = Non-vault XP
 B = Vault XP
 C = Vault XP percentage of total XP
 D = Non-vault monster count
 E = Vault monster count
 F = Vault count percentage of total count
                 A         B        C        D         E       F
            +---------+---------+-------+---------+---------+-------
      Total |   64594 |   33544 |  34.2 |     498 |     159 |  24.2
            +---------+---------+-------+---------+---------+-------
        D:1 |      34 |       9 |  20.9 |      21 |       7 |  25.0
        D:2 |      64 |       0 |   0.0 |      25 |       0 |   0.0
        D:3 |      89 |     249 |  73.7 |      19 |       2 |   9.5
        D:4 |     159 |       0 |   0.0 |      11 |       0 |   0.0
        D:5 |     834 |       1 |   0.1 |      23 |       1 |   4.2
        D:6 |      88 |       0 |   0.0 |       4 |       0 |   0.0
        D:7 |     987 |       0 |   0.0 |      29 |       0 |   0.0
        D:8 |    1711 |       0 |   0.0 |      29 |       0 |   0.0
        D:9 |    1562 |    1125 |  41.9 |      36 |      40 |  52.6
       D:10 |    2958 |       0 |   0.0 |      39 |       0 |   0.0
       D:11 |     169 |       0 |   0.0 |       3 |       0 |   0.0
     Lair:1 |    2095 |    1822 |  46.5 |       9 |      12 |  57.1
     Lair:2 |   11085 |       0 |   0.0 |      32 |       0 |   0.0
     Lair:3 |    3528 |       0 |   0.0 |      16 |       0 |   0.0
     Lair:4 |    2329 |     824 |  26.1 |      15 |      12 |  44.4
     Lair:5 |    5249 |       0 |   0.0 |      27 |       0 |   0.0
     Lair:6 |   10574 |    7217 |  40.6 |      48 |      19 |  28.4
   Spider:1 |   15569 |    2296 |  12.9 |      51 |       1 |   1.9
      Orc:1 |    3168 |       0 |   0.0 |      29 |       0 |   0.0
      Orc:2 |    2342 |   15551 |  86.9 |      32 |      45 |  58.4
      IceCv |       0 |    4450 | 100.0 |       0 |      20 | 100.0
            +---------+---------+-------+---------+---------+-------
